 Dungeon Crawl Stone Soup version 0.30-a0-223-gcb0039aa0c (webtiles) character file.

Game seed: 501982294658714162

76 qw the Chopper (level 4, 0/28 HPs)
             Began as a Gargoyle Fighter on Oct 9, 2022.
             Killed from afar by Sigmund (5 damage)
             ... with a puff of flame
             ... on level 2 of the Dungeon.
             The game lasted 00:00:38 (1074 turns).

qw the Chopper (Gargoyle Fighter)                   Turns: 1074, Time: 00:00:39

Health: 0/28       AC: 10    Str: 21    XL:     4   Next: 32%
Magic:  4/4        EV:  9    Int:  9    God:
Gold:   47         SH:  4    Dex:  9    Spells: 3/3 levels left

rFire   . . .      SeeInvis .    Y - +0 war axe
rCold   . . .      Faith    .    c - +0 buckler
rNeg    + . .      Spirit   .    b - +0 scale mail
rPois   inf        Reflect  .    (no helmet)
rElec   +          Harm     .    (no cloak)
rCorr   .          Rampage  .    (no gloves)
Will    .....                    (no boots)
Stlth   ..........               (no amulet)
HPRegen 0.24/turn                (no ring)
MPRegen 0.09/turn                (no ring)

@: no status effects
A: sickness immunity, AC +3, negative energy resistance 1, electricity
resistance, torment resistance 1, petrification resistance
a: no special abilities


You were on level 2 of the Dungeon.
You visited 1 branch of the dungeon, and saw 2 of its levels.

You collected 47 gold pieces.


Innate Abilities, Weirdness & Mutations

You are immune to sickness and miasma.
Your stone body is resilient. (AC +3)
You are immune to poison.
You resist negative energy. (rN+)
You are resistant to electric shocks. (rElec)
You are resistant to unholy torment.
You are immune to petrification.


   Skills:
 - Level 3.2 Fighting
 + Level 4.0 Axes
 - Level 3.2 Armour
 - Level 3.2 Shields


You had 3 spell levels left.
You didn't know any spells.
Your spell library was empty.

Inventory:

Hand Weapons
 g - a +0 whip
 Y - a +0 war axe (weapon)
Armour
 b - a +0 scale mail (worn)
 c - a +0 buckler (worn)
Scrolls
 a - a scroll of silence {unknown}
 e - a scroll of teleportation {unknown}
 l - a scroll of identify {unknown}
Potions
 d - 2 potions of might
 f - a potion of lignification {unknown}
 h - a potion of haste {unknown}
 i - a potion of attraction {unknown}
 j - a potion of curing {unknown}
 k - 2 potions of magic {unknown}
 m - a potion of brilliance {unknown}

Dungeon Overview and Level Annotations

Branches:
Dungeon (2/15)

Altars:

Annotations:
D:2 Sigmund


Message History

You start resting.
HP restored.
Things that are here:
a +0 dagger; 2 stones; a kobold corpse
Found a stone staircase leading down.
Sigmund the Dreaded comes into view.
He is wielding a +0 scythe of freezing and carrying a wand of flame (13).
Sigmund casts a spell at you. The puff of flame hits you!
Sigmund hits you from afar with a +0 scythe of freezing.
Sigmund freezes you. You block Sigmund's attack.
You closely miss Sigmund. Sigmund closely misses you.
You hit Sigmund.
Sigmund is moderately wounded.
Sigmund closely misses you.
You slash Sigmund!
Sigmund is heavily wounded.
You barely miss Sigmund.
Sigmund is heavily wounded.
Sigmund laughs darkly.
Sigmund barely misses you.
You barely miss Sigmund.
Sigmund is heavily wounded.
Sigmund barely misses you.
You closely miss Sigmund.
Sigmund is heavily wounded.
You block Sigmund's attack.
You hit Sigmund but do no damage.
Sigmund is heavily wounded.
Sigmund hits you with a +0 scythe of freezing.
Sigmund freezes you.
You hit Sigmund.
Sigmund is heavily wounded.
Sigmund casts a spell at you. The magic dart hits you.
You closely miss Sigmund.
Sigmund is heavily wounded.
Sigmund zaps a wand.
The puff of flame hits you.
You die...

#......# #.##...##
##.##### #......## #.#
########..... ##### #.#
#...# ##.#...
.....##.##.....###.....#
# #..................#
...##..........#.##....#
#............#....##.#
#...>@...###....#.##.#
.......@...# #......#.##
#####.....## #......###
##...## #..%###### ##.##
#......... #.#
#####...#####. #.#
.............. ...
...(..........
..............


You could see Sigmund.

Vanquished Creatures
  3 adders (D:2)
  An orc (D:2)
  2 ball pythons
  A bat (D:2)
  6 endoplasms
  3 giant cockroaches
  4 hobgoblins
  4 quokkas (D:1)
  7 frilled lizards
  2 goblins
  8 kobolds
  4 rats
45 creatures vanquished.

Notes
Turn   | Place    | Note
-------+----------+-------------------------------------------
     0 | D:1      | qw the Gargoyle Fighter began the quest for the Orb.
     0 | D:1      | Reached XP level 1. HP: 14/14 MP: 1/1
     0 | D:1      | 0 ||| qw: Version: 0.2-a-17-g06abaee
     0 | D:1      | 0 ||| qw: Game counter: 2139
     0 | D:1      | 0 ||| qw: Always use a shield: true
     0 | D:1      | 0 ||| qw: God list: Okawaru
     0 | D:1      | 0 ||| qw: Allow faded altars: false
     0 | D:1      | 0 ||| qw: Do Orc after D:15 true
     0 | D:1      | 0 ||| qw: Do second Lair branch before Depths: true
     0 | D:1      | 0 ||| qw: Lair rune preference: random
     0 | D:1      | 0 ||| qw: Plans: Normal, Zot:1-4, God:TSO, Crypt, Tomb,
                  | Pan, Slime:5, Hells, Abyss, Orb
     0 | D:1      | 0 ||| PLANNING D:1-11
    47 | D:1      | 47 ||| Stepping ~*~*~tactically~*~*~ (stealth).
    52 | D:1      | Reached skill level 2 in Axes
   130 | D:1      | Reached XP level 2. HP: 19/19 MP: 2/2
   451 | D:1      | Reached skill level 3 in Axes
   458 | D:1      | Reached XP level 3. HP: 12/23 MP: 3/3
   544 | D:1      | 544 ||| Stepping ~*~*~tactically~*~*~ (stealth).
   693 | D:1      | 693 ||| READING scroll labelled RUTOEL IZEKHAE.
   721 | D:2      | 721 ||| STAIRDANCE
   845 | D:2      | Found a faded altar of an unknown god.
   847 | D:2      | 847 ||| Stepping ~*~*~tactically~*~*~ (stealth).
   923 | D:2      | Reached XP level 4. HP: 27/28 MP: 4/4
   960 | D:2      | Reached skill level 4 in Axes
  1061 | D:2      | Noticed Sigmund
  1072 | D:2      | HP: 7/28 [Sigmund/+0 scythe of freezing (3)]
  1074 | D:2      | Killed from afar by Sigmund

Levels and vault maps discovered:
D:1:      dpeg_arrival_concentric_ovals, layout_basic, minmay_misc_feat_tower
D:2:      layout_loops_cross, shapermc_ecumenical_altar_starsandcircs,
          uniq_sigmund

Skill      XL: |  1  2  3  4 |
---------------+-------------+-----
Axes           | 2 3 4 |  4.0
Fighting       | |  3.2
Armour         | |  3.2
Shields        | |  3.2

Action                   |  1- 3 |  4- 6 || total
-------------------------+-------+-------++-------
Melee: War axe           |   107 |    33 ||   140
  Use: Scroll            |     1 |       ||     1
Armor: Scale mail        |    62 |    11 ||    73
Dodge: Dodged            |    53 |    16 ||    69
Block: Buckler           |    15 |     4 ||    19

Table legend:
 A = Non-vault XP
 B = Vault XP
 C = Vault XP percentage of total XP
 D = Non-vault monster count
 E = Vault monster count
 F = Vault count percentage of total count
                 A         B        C        D         E       F
            +---------+---------+-------+---------+---------+-------
      Total |     109 |       0 |   0.0 |      45 |       0 |   0.0
            +---------+---------+-------+---------+---------+-------
        D:1 |      43 |       0 |   0.0 |      27 |       0 |   0.0
        D:2 |      66 |       0 |   0.0 |      18 |       0 |   0.0
            +---------+---------+-------+---------+---------+-------
